 Dungeon Crawl Stone Soup version 0.24.0-29-g8ce449bc06 (webtiles) character file.

Game seed: 6962209797908597081, levelgen mode: deterministic

240 Flugslaktarn the Chopper (level 5, -3/47 HPs)
             Began as a Minotaur Monk on Nov 15, 2019.
             Shot with a sling bullet by Joseph (13 damage)
             ... on level 7 of the Dungeon.
             The game lasted 00:01:23 (2615 turns).

Flugslaktarn the Chopper (Minotaur Monk)            Turns: 2615, Time: 00:01:24

Health: -3/47      AC: 12    Str: 22    XL:     5   Next: 80%
Magic:  4/4        EV: 21    Int:  7    God:
Gold:   127        SH:  0    Dex: 12    Spells: 4/4 levels left

rFire    . . .     SeeInvis .   (weapon currently unavailable)
rCold    . . .     Gourm    .   (shield currently unavailable)
rNeg     + + +     Faith    .   (armour currently unavailable)
rPois    +         Spirit   .   (helmet currently unavailable)
rElec    .         Reflect  .   (cloak currently unavailable)
rCorr    .         Harm     .   (gloves currently unavailable)
MR       .....                  (boots currently unavailable)
Stlth    ++........             (no amulet)
HPRegen  0.15/turn              (no ring)
MPRegen  0.09/turn              (no ring)

@: mighty, fungus-form
A: tiny, (retaliatory headbutt)
a: no special abilities


You were on level 7 of the Dungeon.
You were not hungry.
You were a sentient fungus.
You visited 1 branch of the dungeon, and saw 5 of its levels.

You collected 127 gold pieces.

Inventory:

Hand Weapons
 a - a +0 hand axe (melded)
Armour
 g - a +0 pair of boots (melded)
   (You found it on level 2 of the Dungeon)
 k - a +0 scale mail (melded)
   (You found it on level 2 of the Dungeon)
 q - a +0 cloak (melded)
   (You found it on level 2 of the Dungeon)
Jewellery
 l - a cursed ring of attention {unknown}
   (You found it on level 2 of the Dungeon)
Scrolls
 b - a scroll of identify {unknown}
 h - a scroll of random uselessness {unknown}
 n - a scroll of enchant weapon {unknown}
 o - 2 scrolls of immolation {unknown}
 p - a scroll of teleportation {unknown}
 r - a scroll of magic mapping {unknown}
 s - a scroll of silence {unknown}
 w - 3 scrolls of remove curse
Potions
 d - 2 potions of might
 i - a potion of degeneration {unknown}
 j - a potion of heal wounds {unknown}
 m - a potion of berserk rage {unknown}
Comestibles
 e - 5 rations
 f - 4 chunks of flesh


   Skills:
 + Level 4.8 Fighting
 * Level 5.8 Axes
 + Level 2.7 Armour
 + Level 4.3 Dodging
 - Level 1.5 Stealth


You had 4 spell levels left.
You didn't know any spells.
Your spell library was empty.

Dungeon Overview and Level Annotations

Branches:
Dungeon (4/15)
 Temple: D:4-7

Altars:
Makhleb

Annotations:
D:7 Harold, Joseph


Innate Abilities, Weirdness & Mutations

((You reflexively headbutt those who attack you in melee.))
((You have a pair of horns on your head.))


Message History

Your +0 hand axe melds into your body.
Your +0 cloak melds into your body.
Your +0 pair of boots melds into your body.
Your +0 scale mail melds into your body.
You barely miss Harold. Harold closely misses you.
Joseph shoots a sling bullet.
The sling bullet hits you.
* * * LOW HITPOINT WARNING * * *
You release spores at Harold but do no damage.
Harold appears confused.
You're too terrified to move while being watched!
Unknown command.
Joseph shoots a sling bullet.
The sling bullet hits you.
* * * LOW HITPOINT WARNING * * *
Some of the chunks of flesh in your inventory have rotted away.
You aren't carrying any items that you can evoke.
Unknown command.
Okay, then.
It was a potion of might.
You feel very mighty all of a sudden.
Joseph shoots a sling bullet.
The sling bullet hits you!
You die...

... .. ...
...###.##....###### .
..........##.#..... ..
....%.....##.#.#### ...
###@.......##.#.....
....#...................
..............#.........
........................
.......f.....(......####
.####........#.....## #.
#@.......#..#.## #.
.............#.#####.
###........##.........
.....######.........
#.###.. #......... ..
#.. #..>.....)
#.#.####.)


You could see Harold (confused) and Joseph.

Vanquished Creatures
  An orc priest (D:3)
  Jessica (D:3)
  2 orc wizards (D:7)
  A worker ant zombie (D:7)
  4 adders
  An adder skeleton (D:4)
  A worm (D:2)
  A leopard gecko (D:2)
  11 orcs
  5 giant cockroaches
  9 goblins
  8 hobgoblins
  7 jackals
  3 kobolds
  A quokka (D:2)
  4 bats
  4 frilled lizards
  4 rats (D:2)
68 creatures vanquished.

Notes
Turn   | Place    | Note
-------+----------+-------------------------------------------
     0 | D:1      | Flugslaktarn the Minotaur Monk began the quest for the Orb.
     0 | D:1      | Reached XP level 1. HP: 19/19 MP: 0/0
   178 | D:1      | Reached XP level 2. HP: 14/27 MP: 1/1
   364 | D:1      | Reached skill level 4 in Axes
   464 | D:1      | You fall into a shaft and drop 1 floor!
   515 | D:2      | Reached skill level 1 in Armour
   712 | D:2      | Reached XP level 3. HP: 29/33 MP: 2/2
  1505 | D:3      | Reached XP level 4. HP: 38/40 MP: 3/3
  1875 | D:3      | Reached skill level 5 in Axes
  2167 | D:3      | Noticed Jessica
  2173 | D:3      | Reached XP level 5. HP: 47/47 MP: 4/4
  2175 | D:3      | Killed Jessica
  2359 | D:4      | Found a burning altar of Makhleb.
  2374 | D:4      | You fall into a shaft and drop 3 floors!
  2608 | D:7      | Noticed Joseph
  2608 | D:7      | Noticed Harold
  2615 | D:7      | Shot with a sling bullet by Joseph

Levels and vault maps discovered:
D:1:      dpeg_arrival_tiny_d, layout_rooms, minmay_split_cup_large
D:2:      layout_basic, first_ration
D:3:      layout_rooms, lemuel_old_faithful, uniq_jessica
D:4:      layout_loops_corners, lemuel_crystal_altar, minmay_temple_entry_trees
D:7:      layout_basic, serial_shops, shop, uniq_joseph, uniq_harold

Skill      XL: |  1  2  3  4 |
---------------+-------------+-----
Axes           | 4 5 |  5.8
Armour         | 1 2 |  2.7
Fighting       | 4 |  4.8
Dodging        | 4 |  4.3
Stealth        | |  1.5

Action                   |  1- 3 |  4- 6 || total
-------------------------+-------+-------++-------
Melee: Hand axe          |    79 |    65 ||   144
       Headbutt          |    11 |     9 ||    20
       Unarmed           |       |     2 ||     2
  Use: Scroll            |       |     1 ||     1
       Potion            |       |     1 ||     1
  Eat: Chunk             |     2 |     3 ||     5
Armor: Robe              |    12 |       ||    12
       Scale mail        |    13 |    29 ||    42
Dodge: Dodged            |    62 |    63 ||   125
